 Dungeon Crawl Stone Soup version 0.29.1-debian-4-g95531337e3 (webtiles) character file.

Game seed: 7673201132764823901

2011 Dreamer the Sneak (level 9, -2/58 HPs)
             Began as an Octopode Fighter on Sept 13, 2022.
             Engulfed by a steam dragon's steam (4 damage)
             ... on level 8 of the Dungeon.
             The game lasted 00:27:33 (9904 turns).

Dreamer the Sneak (Octopode Fighter)                Turns: 9904, Time: 00:27:34

Health: -2/58      AC:  1    Str: 16    XL:     9   Next: 22%
Magic:  0/17       EV: 13    Int: 14    God:
Gold:   360        SH:  4    Dex: 11    Spells: 15/19 levels left

rFire   . . .      SeeInvis .     - Unarmed
rCold   . . .      Faith    .   a - +0 buckler
rNeg    . . .      Spirit   +   (helmet restricted)
rPois   .          Reflect  .   o - amulet of guardian spirit
rElec   .          Harm     .   (no ring)
rCorr   .          Rampage  .   (no ring)
Will    .....                   (no ring)
Stlth   ++++......              (no ring)
HPRegen 0.19/turn               (no ring)
MPRegen 0.15/turn               (no ring)
                                (no ring)
                                (no ring)

@: no status effects
A: almost no armour, amphibious, 8 rings, camouflage 1, gelatinous body 1,
(nimble swimmer 1), tentacles
a: no special abilities


You were on level 8 of the Dungeon.
You visited 2 branches of the dungeon, and saw 9 of its levels.

You collected 360 gold pieces.

Inventory:

Armour
 a - a +0 buckler (worn)
Jewellery
 o - an amulet of guardian spirit (around mantle)
Wands
 e - a wand of mindburst (7)
 n - a wand of iceblast (23)
 s - a wand of polymorph (10)
Scrolls
 k - 2 scrolls of immolation {unknown}
 l - a scroll of acquirement {unknown}
 m - 3 scrolls of blinking {unknown}
 r - 2 scrolls of vulnerability {unknown}
 u - a scroll of magic mapping {unknown}
 v - 2 scrolls of fear {unknown}
 x - a scroll of identify
Potions
 b - 2 potions of might
 c - 2 potions of lignification {unknown}
 d - 2 potions of magic
 f - 3 potions of flight
 g - a potion of cancellation {unknown}
 h - a potion of berserk rage {unknown}
 i - 5 potions of attraction
 j - a potion of ambrosia {unknown}
 p - a potion of brilliance {unknown}
 q - a potion of mutation {unknown}
 t - a potion of curing
 w - a potion of resistance {unknown}


   Skills:
 - Level 3.6 Fighting
 - Level 3.7 Dodging
 + Level 6.7 Stealth
 - Level 3.7 Shields
 * Level 4.5 Unarmed Combat
 * Level 5.7 Spellcasting
 * Level 6.2 Transmutations


You had 15 spell levels left.
You knew the following spells:

 Your Spells              Type           Power      Damage    Failure   Level
a - Ice Form              Ice/Tmut       12%        N/A       52%         4

Your spell library contained the following spells:

 Spells                   Type           Power      Damage    Failure   Level
 Sting                    Tmut/Pois      48%        1d5       6%          1
 Shock                    Conj/Air       12%        1d3       22%         1
 Poisonous Vapours        Pois/Air       6%         N/A       32%         2
 Swiftness                Air            3%         N/A       54%         3
 Airstrike                Air            1%         2d(1-17)  91%         4
 Hailstorm                Conj/Ice       3%         3d3       91%         4
 Olgreb's Toxic Radiance  Pois           3%         N/A       91%         4
 Fireball                 Conj/Fire      1%         3d3       99%         5
 Simulacrum               Ice/Necr       1%         N/A       100%        6
 Starburst                Conj/Fire      1%         6d3       100%        6
 Ignition                 Fire           1%         3d3       100%        8


Dungeon Overview and Level Annotations

Branches:
Dungeon (8/15)             Temple (1/1) D:4
   Lair: D:8-11

Altars:
Ashenzari
Cheibriados
Dithmenos
Elyvilon
Fedhas
Gozag
Hepliaklqana
Kikubaaqudgha
Makhleb
Nemelex Xobeh
Okawaru
Qazlal
Ru
Trog
Vehumet
Wu Jian
Xom
Yredelemnul
Zin
The Shining One

Shops:
D:1 [   D:2 (

Annotations:
D:8 exclusions: hornet and steam dragon


Innate Abilities, Weirdness & Mutations

You cannot wear most types of armour.
You are amphibious.
You can wear up to eight rings at the same time.
Your skin changes colour to match your surroundings (Stealth+).
Your rubbery body absorbs attacks. (AC +1, EV +1)
((You are camouflaged when in or above water. (Stealth+)))
You have tentacles for arms and can constrict up to eight enemies at once.


Message History

Reduced exclusion size to a single square.
The steam dragon hisses angrily.
You hear an angry hiss.
The steam dragon breathes steam at you. The ball of steam hits you!!
You are engulfed in a cloud of scalding steam.
You start resting.
A steam dragon is nearby!
The steam dragon hisses angrily.
You tentacle-slap the steam dragon but do no damage.
The steam dragon bites you! The steam dragon barely misses you.
You barely miss the steam dragon. The steam dragon bites you.
The steam dragon claws you but does no damage.
You barely miss the steam dragon. Your squeeze misses the steam dragon.
The steam dragon breathes steam at you. The ball of steam hits you!
You tentacle-slap the steam dragon but do no damage.
You squeeze the steam dragon!
The steam dragon is moderately wounded.
You are engulfed in a cloud of scalding steam.
The steam dragon bites you!
* * * LOW HITPOINT WARNING * * *
You block the steam dragon's attack. The steam dragon barely misses you.
The steam dragon claws you.
* * * LOW HITPOINT WARNING * * *
You tentacle-slap the steam dragon.
The steam dragon is heavily wounded.
You tentacle-slap the steam dragon.
The steam dragon is heavily wounded.
The steam dragon bites you.
* * * LOW HITPOINT WARNING * * *
The steam dragon claws you.
* * * LOW HITPOINT WARNING * * *
You feel better. The steam dragon breathes steam at you.
The ball of steam hits you!!
* * * LOW HITPOINT WARNING * * *
You tentacle-slap the steam dragon. You squeeze the steam dragon.
The steam dragon is severely wounded.
You are engulfed in a cloud of scalding steam.
You die...

#....#..#
########..## ..
#..........#### ..
#.#####..#....# ..
#.#####..####.##..
#.##.....# #....§
#.##.....# ##...§
#.######### #..§§
#@D.......# #..§.
#########.# #.##.
#.# #.# # #.####.#
#......# ########


You could see a steam dragon (catching breath).

Vanquished Creatures
  Sigmund (D:3)
  A water moccasin (D:7)
  3 ice beasts
  A black bear (D:5)
  An ogre (D:7)
  2 phantoms
  3 scorpions
  8 wights
  2 gnoll boudas
  A hound (D:6)
  An iguana (D:5)
  9 orc wizards
  10 gnolls
  7 adders
  2 white imps
  An ufetubus (D:5)
  2 worms
  2 dart slugs
  16 orcs
  5 ball pythons
  7 endoplasms
  A giant cockroach (D:4)
  3 goblins
  3 hobgoblins
  4 jackals (D:5)
  3 kobolds
  4 bats
  2 frilled lizards (D:1)
  2 rats
107 creatures vanquished.

Notes
Turn   | Place    | Note
-------+----------+-------------------------------------------
     0 | D:1      | Dreamer the Octopode Fighter began the quest for the Orb.
     0 | D:1      | Reached XP level 1. HP: 16/16 MP: 1/1
    62 | D:1      | Found a faded altar of an unknown god.
   619 | D:1      | Found Ydaj's Antique Armour Shop.
  1036 | D:1      | Reached XP level 2. HP: 21/21 MP: 2/2
  1453 | D:2      | Reached XP level 3. HP: 17/26 MP: 3/3
  1458 | D:2      | Reached skill level 1 in Stealth
  1770 | D:2      | Reached XP level 4. HP: 27/31 MP: 4/4
  1872 | D:2      | Found Imasue Ijyng's Weapon Boutique.
  1932 | D:2      | Identified the +8 short sword of Tada {elec, Int+4}
  2037 | D:3      | Noticed Sigmund
  3114 | D:4      | Reached XP level 5. HP: 36/36 MP: 5/5
  3148 | D:4      | Noticed a phantom
  3352 | D:5      | Entered Level 5 of the Dungeon
  3489 | D:5      | Learned a level 4 spell: Ice Form
  3509 | D:5      | Noticed a black bear
  3580 | D:5      | Reached skill level 1 in Spellcasting
  3580 | D:5      | Reached skill level 1 in Transmutations
  3816 | D:5      | Reached XP level 6. HP: 30/43 MP: 6/8
  4450 | D:5      | Found a broken altar of Ashenzari.
  4850 | D:4      | Found an iron altar of Okawaru.
  4850 | D:4      | Found an ornate altar of the Wu Jian Council.
  5121 | D:4      | Found a staircase to the Ecumenical Temple.
  5127 | Temple   | Entered the Ecumenical Temple
  5330 | D:4      | Reached XP level 7. HP: 6/47 MP: 10/10
  6401 | D:6      | Found a glowing golden altar of the Shining One.
  6467 | D:6      | Found a glowing silver altar of Zin.
  6709 | D:6      | Reached skill level 5 in Stealth
  6709 | D:6      | Reached XP level 8. HP: 54/54 MP: 13/13
  7263 | D:6      | Reached skill level 5 in Transmutations
  8217 | D:7      | Reached skill level 5 in Spellcasting
  8934 | D:7      | Reached XP level 9. HP: 58/58 MP: 15/17
  9455 | D:3      | Killed Sigmund
  9827 | D:8      | Noticed a hornet
  9903 | D:8      | HP: 2/58 [steam dragon/ball of steam (17)]
  9904 | D:8      | Engulfed by a steam dragon's steam

Illustrated notes

Levels and vault maps discovered:
D:1:      minmay_arrival_wavy_path, layout_basic, serial_shops,
          nicolae_shop_overgrown_old_shop, hellmonk_ecumenical_altar_crossroads,
          chequers_serial_rivers_small_3, corexii_hall_statues_x
D:2:      layout_rooms, serial_shops, nicolae_diamond_shop
D:3:      layout_loops_cross, grunt_ministairs_7, moated_statue,
          nicolae_figureground_pulse, uniq_sigmund
D:4:      layout_gridville, gammafunk_temple_overflow_elements,
          minmay_temple_entry_hall
D:5:      layout_loops_ring, nicolae_ashenzari_skybound, grunt_ministairs_1
D:6:      layout_gridville, mainiacjoe_overflow_24_doors, zin_academy,
          minmay_misc_feat_cross
D:7:      layout_loops_ring
D:8:      layout_basic, serial_shops, nicolae_shop_behind_doors,
          minmay_diced_spiral, uniq_grum
Temple:   minmay_freezing_vapour_temple

Skill      XL: |  1  2  3  4  5  6  7  8  9 |
---------------+----------------------------+-----
Stealth        | 1 2 3 5 6 |  6.7
Spellcasting   | 1 2 3 5 |  5.7
Transmutations | 1 2 4 5 6 |  6.2
Unarmed Combat | 4 |  4.5
Fighting       | |  3.6
Dodging        | |  3.7
Shields        | |  3.7

Action                   |  1- 3 |  4- 6 |  7- 9 || total
-------------------------+-------+-------+-------++-------
Melee: Whip              |    47 |   114 |    77 ||   238
       Unarmed           |     7 |       |    93 ||   100
       Tentacles         |     8 |    23 |    46 ||    77
       Constrict         |     8 |    17 |    26 ||    51
       Punch             |       |       |     2 ||     2
Evoke: Wand              |       |       |     5 ||     5
  Use: Scroll            |       |       |     6 ||     6
       Potion            |       |       |     4 ||     4
 Stab: Sleeping          |     5 |     9 |    11 ||    25
Armor: Skin              |     4 |    13 |     6 ||    23
Dodge: Dodged            |    32 |    65 |    70 ||   167
Block: Buckler           |    10 |    23 |    26 ||    59
